 Dungeon Crawl Stone Soup version 0.30-b1-2-g02819fbbbe (webtiles) character file.

Game seed: 12712363384782812239

361 Mesmaeker13 the Magician (level 6, 0/32 HPs)
             Began as a Deep Elf Fire Elementalist on July 2, 2023.
             Was an Initiate of Vehumet.
             Slain by a killer bee (3 damage)
             ... on level 4 of the Dungeon.
             The game lasted 00:04:34 (3698 turns).

Mesmaeker13 the Magician (DEFE)                     Turns: 3698, Time: 00:04:35

Health: 0/32       AC:  5    Str:  5    XL:     6   Next: 38%
Magic:  9/15       EV: 12    Int: 22    God:    Vehumet [......]
Gold:   171        SH:  0    Dex: 15    Spells: 12/15 levels left

rFire   . . .        j - +1 dagger (venom)
rCold   . . .        (no shield)
rNeg    + . .        t - +1 leather armour of Insurance {rN+}
rPois   .            (no helmet)
rElec   .            (no cloak)
rCorr   .            d - +0 pair of gloves
SInv    .            (no boots)
Will    .....        e - amulet of regeneration
Stlth   ++           (no ring)
HPRegen 1.05/turn    (no ring)
MPRegen 0.14/turn

%: no passive effects
@: lethally poisoned (0 -> 0)
A: no striking features
a: Renounce Religion


You were on level 4 of the Dungeon.
You worshipped Vehumet.
Vehumet was noncommittal.
You visited 2 branches of the dungeon, and saw 5 of its levels.

You collected 171 gold pieces.

Inventory:

Hand Weapons
 j - a +1 dagger of venom (weapon)
Missiles
 p - 6 poisoned darts
Armour
 a - a +0 robe
 d - a +0 pair of gloves (worn)
 t - the +1 leather armour of Insurance (worn) {rN+}
   (You found it on level 3 of the Dungeon)

   rN:        It protects you from negative energy.
Jewellery
 e - an amulet of regeneration (around neck)
Scrolls
 c - 2 scrolls of immolation
 g - 2 scrolls of identify {unknown}
 h - a scroll of teleportation
 l - a scroll of poison {unknown}
 m - a scroll of noise
 q - a scroll of silence {unknown}
Potions
 b - 2 potions of magic
 f - a potion of resistance {unknown}
 i - a potion of berserk rage {unknown}
 k - 2 potions of might
 n - a potion of heal wounds {unknown}
 o - a potion of haste {unknown}
 r - 2 potions of brilliance
 s - 2 potions of curing {unknown}


   Skills:
 + Level 4.5 Dodging
 - Level 2.4 Stealth
 + Level 5.2 Spellcasting
 + Level 3.5 Conjurations
 + Level 4.8 Fire Magic


You had 12 spell levels left.
You knew the following spells:

 Your Spells              Type           Power      Damage    Failure   Level
a - Foxfire               Conj/Fire      96%        2x1d8     3%          1
b - Scorch                Fire           54%        2d7       3%          2

Your spell library contained the following spells:

 Spells                   Type           Power      Damage    Failure   Level
 Kiss of Death            Conj/Necr      52%        2d9       8%          1
 Inner Flame              Hex/Fire       16%        N/A       19%         3
 Volatile Blastmotes      Fire/Tloc      32%        2d12      19%         3
 Flame Wave               Conj/Fire      24%        2d8       28%         4
 Confusing Touch          Hex            5%         N/A       45%         3
 Dispel Undead            Necr           5%         3d7       86%         4


Dungeon Overview and Level Annotations

Branches:
Dungeon (4/15)             Temple (1/1) D:4

Altars:
Ashenzari
Cheibriados
Dithmenos
Elyvilon
Fedhas
Gozag
Makhleb
Nemelex Xobeh
Sif Muna
Uskayaw
Vehumet
Wu Jian
Xom
Yredelemnul
Zin
The Shining One

Shops:
D:3 *


Message History

Casting: Foxfire (safe; 3% risk of failure)
Confirm with . or Enter, or press ? or * to list all spells.
Flames lash the hound.
You kill the hound!
Vehumet accepts your kill.
A killer bee is nearby!
Casting: Scorch (safe; 3% risk of failure)
Confirm with . or Enter, or press ? or * to list all spells.
You conjure some foxfire!
The killer bee buzzes angrily.
The foxfire hits the killer bee but does no damage.
The killer bee is lightly wounded.
The foxfire hits the killer bee.
The killer bee is moderately wounded.
The killer bee stings you!
Casting: Foxfire (safe; 3% risk of failure)
Confirm with . or Enter, or press ? or * to list all spells.
Flames lash the killer bee.
The killer bee is almost dead.
The killer bee's fire resistance burns away.
You hear an angry buzzing noise. x2
The killer bee stings you!
You are poisoned.
The killer bee poisons you! The killer bee stings you. x2
Casting: Scorch (safe; 3% risk of failure)
Confirm with . or Enter, or press ? or * to list all spells.
You conjure some foxfire!
You feel sick.
The killer bee stings you but does no damage. x2
A killer bee comes into view.
The killer bee stings you.
* * * LOW HITPOINT WARNING * * *
The killer bee barely misses you.
You feel sick.
The foxfire hits the killer bee.
The killer bee is almost dead.
The foxfire hits the killer bee.
The killer bee is lightly wounded.
The killer bee stings you.
* * * LOW HITPOINT WARNING * * *
The killer bee stings you.
You die...

######......#.......#.
###.##(...._.....
##.#..#.......#
#.....#.......#
####..# .....
#..####.####.
#.....y......
#.###.y####.# #.# #.@#
#.# #.y# #.# #.†# #.#
#... #.# #.### #.# #.#
#.# ..


You could see 3 killer bees.

Vanquished Creatures
  A scorpion (D:3)
  2 killer bees (D:4)
  A hound (D:4)
  Jessica (D:3)
  Terence (D:2)
  Robin (D:2)
  5 adders
  6 dart slugs
  6 endoplasms
  A giant cockroach (D:1)
  14 goblins
  9 hobgoblins
  5 kobolds
  2 quokkas (D:1)
  6 ball pythons
  4 bats
  4 frilled lizards
  5 rats
  A butterfly (D:4)
75 creatures vanquished.

Vanquished Creatures (others)
  225 foxfires
225 creatures vanquished.

Grand Total: 300 creatures vanquished

Notes
Turn   | Place    | Note
-------+----------+-------------------------------------------
     0 | D:1      | Mesmaeker13 the Deep Elf Fire Elementalist began the quest
                  | for the Orb.
     0 | D:1      | Reached XP level 1. HP: 10/10 MP: 6/6
   245 | D:1      | Reached XP level 2. HP: 15/15 MP: 5/8
   806 | D:1      | Reached XP level 3. HP: 19/19 MP: 8/10
  1090 | D:2      | Learned a level 2 spell: Scorch
  1205 | D:2      | Found a faded altar of an unknown god.
  1229 | D:2      | Noticed Robin
  1248 | D:2      | Killed Robin
  1379 | D:2      | Reached skill level 4 in Spellcasting
  1422 | D:2      | Reached XP level 4. HP: 19/24 MP: 7/12
  1881 | D:2      | Noticed Terence
  1887 | D:2      | Killed Terence
  2241 | D:3      | Noticed a scorpion
  2252 | D:3      | Killed a scorpion
  2253 | D:3      | Reached XP level 5. HP: 18/28 MP: 3/13
  2365 | D:3      | Identified the +1 leather armour of Insurance {rN+}
  2400 | D:3      | Found a basalt altar of Yredelemnul.
  2400 | D:3      | Noticed Jessica
  2404 | D:3      | Killed Jessica
  2515 | D:3      | Found a shimmering blue altar of Sif Muna.
  2692 | D:3      | Found an opulent altar of Gozag.
  2940 | D:3      | Found Liezed's General Store.
  3336 | D:4      | Found a staircase to the Ecumenical Temple.
  3351 | Temple   | Entered the Ecumenical Temple
  3384 | Temple   | Became a worshipper of Vehumet
  3404 | D:4      | Found a white marble altar of Elyvilon.
  3610 | D:4      | Reached skill level 5 in Spellcasting
  3610 | D:4      | Reached XP level 6. HP: 32/32 MP: 11/15
  3630 | D:4      | Found a sparkling altar of Nemelex Xobeh.
  3698 | D:4      | Slain by a killer bee

Illustrated notes

Levels and vault maps discovered:
D:1:      evilmike_arrival_hilbert_curve, layout_loops_ring,
          nicolae_figureground_sparkle
D:2:      layout_basic, hellmonk_ecumenical_altar_blasted,
          minmay_increasing_density, uniq_terence, uniq_robin
D:3:      layout_basic, mainiacjoe_overflow_alcove_2, lemuel_round_altar,
          mainiacjoe_overflow_tiny_flanked, serial_shops, shop, minivault_11,
          uniq_jessica
D:4:      layout_basic, nemelex_spade_bored_becter, old_standard_altar,
          trog_hazing_becter, minmay_temple_entry_butterflies, minmay_pentangle
Temple:   nicolae_temple_bog_church

Skill      XL: |  1  2  3  4  5 |
---------------+----------------+-----
Dodging        | 3 4 |  4.5
Conjurations   | 2 3 |  3.5
Spellcasting   | 4 5 |  5.2
Fire Magic     | 4 |  4.8
Stealth        | |  2.4

Action                     |  1- 3 |  4- 6 || total
---------------------------+-------+-------++-------
  Melee: Dagger            |     1 |       ||     1
   Cast: Foxfire           |    67 |    62 ||   129
         Scorch            |       |     9 ||     9
    Use: Scroll            |       |     2 ||     2
         Potion            |       |     2 ||     2
 Armour: Robe              |     4 |     2 ||     6
         Leather armour    |       |    10 ||    10
  Dodge: Dodged            |    12 |    16 ||    28
